 Dungeon Crawl Stone Soup version 0.27.1-33-g824d729ab1 (webtiles) character file.

Game seed: 16035478337709405942

107 potato4science the Sneak (level 4, 0/28 HPs)
             Began as an Octopode Hedge Wizard on Dec 17, 2021.
             Slain by a giant cockroach (1 damage)
             ... on level 2 of the Dungeon.
             The game lasted 00:07:29 (1991 turns).

potato4science the Sneak (Octopode Hedge Wizard)    Turns: 1991, Time: 00:07:29

Health: 0/28       AC:  1    Str:  9    XL:     4   Next: 86%
Magic:  8/8        EV: 13    Int: 17    God:
Gold:   56         SH:  0    Dex: 17    Spells: 6/9 levels left

rFire    . . .     SeeInvis +   a - +0 dagger
rCold    . . .     Faith    .   (no shield)
rNeg     . . .     Spirit   .   b - +0 hat
rPois    .         Reflect  .   (no amulet)
rElec    .         Harm     .   c - ring of see invisible
rCorr    .         Rampage  .   h - +6 ring of dexterity
Will     .....                  (no ring)
Stlth    ++++......             (no ring)
HPRegen  0.09/turn              (no ring)
MPRegen  0.11/turn              (no ring)
                                (no ring)
                                (no ring)

@: lethally poisoned (0 -> -4), attractive
A: almost no armour, amphibious, 8 rings, camouflage 1, gelatinous body 1,
(nimble swimmer 1), tentacles
a: no special abilities


You were on level 2 of the Dungeon.
You visited 1 branch of the dungeon, and saw 2 of its levels.

You collected 56 gold pieces.

Inventory:

Hand Weapons
 a - a +0 dagger (weapon)
Armour
 b - a +0 hat (worn)
Jewellery
 c - a ring of see invisible (left tentacle)
 h - a +6 ring of dexterity (right tentacle)
Scrolls
 d - a scroll of identify {unknown}
 e - a scroll of enchant armour {unknown}
Potions
 f - a potion of cancellation
 g - a potion of attraction


   Skills:
 - Level 1.0 Fighting
 - Level 1.0 Short Blades
 - Level 2.0 Dodging
 + Level 6.4 Stealth
 - Level 3.0 Spellcasting
 - Level 1.0 Conjurations
 - Level 1.0 Summonings
 - Level 1.0 Translocations


You had 6 spell levels left.
You knew the following spells:

 Your Spells              Type           Power      Damage    Failure   Level
a - Magic Dart            Conj           20%        1d4       12%         1
b - Blink                 Tloc           N/A        N/A       17%         2

Your spell library contained the following spells:

 Spells                   Type           Power      Damage    Failure   Level
 Call Imp                 Summ           5%         N/A       17%         2
 Passwall                 Tmut/Erth      1%         N/A       26%         2
 Slow                     Hex            2%         N/A       26%         2
 Conjure Flame            Conj/Fire      4%         6-21      38%         3
 Mephitic Cloud           Conj/Pois/Air  3%         N/A       41%         3
 Swiftness                Air            2%         N/A       45%         3
 Invisibility             Hex            1%         N/A       100%        6


Dungeon Overview and Level Annotations

Branches:
Dungeon (2/15)

Altars:


Innate Abilities, Weirdness & Mutations

You cannot wear most types of armour.
You are amphibious.
You can wear up to eight rings at the same time.
Your skin changes colour to match your surroundings (Stealth+).
Your rubbery body absorbs attacks. (AC +1, EV +1)
((You are camouflaged near water. (Stealth+)))
You have tentacles for arms and can constrict up to eight enemies at once.


Message History

The kobold hits you with a +0 dagger.
You hit the kobold but do no damage.
The kobold is severely wounded.
You constrict the kobold.
You kill the kobold!
A giant cockroach comes into view.
The adder bites you.
You are poisoned.
The adder poisons you!
You closely miss the adder. You grab the adder.
You constrict the adder, but do no damage.
You feel sick. The adder bites you.
You are more poisoned.
The adder poisons you!
You hit the adder. You squeeze the adder.
The adder is heavily wounded.
You constrict the adder.
You feel very sick. The adder closely misses you.
It was a potion of cancellation.
You feel magically purged.
You constrict the adder.
You feel sick. The adder bites you.
* * * LOW HITPOINT WARNING * * *
It was a potion of attraction.
You feel attractive to monsters.
You constrict the adder.
* * * LOW HITPOINT WARNING * * *
You feel sick. The adder misses you. The adder barely misses you.
Unknown command.
You hit the adder.
The adder is almost dead.
You constrict the adder.
You kill the adder!
* * * LOW HITPOINT WARNING * * *
You feel sick.
The giant cockroach is pulled toward you!
You hit the giant cockroach but do no damage.
You grab the giant cockroach. You constrict the giant cockroach.
* * * LOW HITPOINT WARNING * * *
You feel sick. The giant cockroach bites you.
You die...

.....#.#####....
##..
..####....##.##.
.#.
..####.##....#.# ..
.......##..#.#.##.
..#######..#.#.#†##
..# #..##..#..# ..#
#..#.##.#..# ..#
#.#.(.#.###.# ..#
#.##.##?@B# # #.#
...##..###.$.# #.#
##....#[.# ##...
#.# #.###.# ##.# .
..# #.#......##..
..# #.#.##... ...
..# #....#.# #. #.#
##......# ..#
#....>..####


You could see a giant cockroach.

Vanquished Creatures
  Natasha (twice) (D:2)
  2 adders (D:2)
  3 dart slugs (D:1)
  2 endoplasms (D:1)
  A giant cockroach (D:1)
  4 goblins
  4 hobgoblins (D:1)
  4 quokkas
  A ball python (D:1)
  2 bats (D:1)
  3 frilled lizards
  6 kobolds
  2 rats
36 creatures vanquished.

Notes
Turn   | Place    | Note
-------+----------+-------------------------------------------
     0 | D:1      | potato4science the Octopode Hedge Wizard began the quest
                  | for the Orb.
     0 | D:1      | Reached XP level 1. HP: 11/11 MP: 4/4
    90 | D:1      | Reached skill level 3 in Stealth
    91 | D:1      | Found a faded altar of an unknown god.
   237 | D:1      | Reached skill level 4 in Stealth
   237 | D:1      | Reached XP level 2. HP: 17/17 MP: 0/6
   665 | D:1      | Reached skill level 1 in Fighting
   894 | D:1      | Learned a level 2 spell: Blink
  1041 | D:1      | Reached skill level 1 in Short Blades
  1146 | D:1      | Reached XP level 3. HP: 23/23 MP: 7/7
  1477 | D:2      | Noticed Natasha
  1486 | D:2      | Killed Natasha
  1487 | D:2      | Reached skill level 5 in Stealth
  1691 | D:2      | Reached XP level 4. HP: 28/28 MP: 8/8
  1766 | D:2      | Noticed Natasha
  1785 | D:2      | Killed Natasha
  1873 | D:2      | Reached skill level 6 in Stealth
  1991 | D:2      | HP: 1/28 [poisoned by an adder]
  1991 | D:2      | Slain by a giant cockroach

Illustrated notes

Levels and vault maps discovered:
D:1:      onia_arrival_mini_spirals, layout_loops_corners,
          hellmonk_ecumenical_altar_crossroads, minmay_tetromino_t2
D:2:      layout_loops_ring, minmay_pentomino_pile, uniq_sigmund, uniq_natasha

Skill      XL: |  1  2  3  4 |
---------------+-------------+-----
Stealth        | 4 5 6 |  6.4
Fighting       | 1 |  1.0
Short Blades   | 1 |  1.0
Dodging        | |  2.0
Spellcasting   | |  3.0
Conjurations   | |  1.0
Summonings     | |  1.0
Translocations | |  1.0

Action                   |  1- 3 |  4- 6 || total
-------------------------+-------+-------++-------
Melee: Dagger            |    35 |    27 ||    62
       Constrict         |     7 |     7 ||    14
       Tentacles         |     4 |     5 ||     9
 Cast: Magic Dart        |    22 |       ||    22
  Use: Potion            |       |     2 ||     2
 Stab: Sleeping          |     9 |     4 ||    13
Armor: Skin              |     1 |     1 ||     2
Dodge: Dodged            |    15 |    13 ||    28
